[Event "Late-Titled-Tuesday-Blitz-August-29-2023"]
[Site "Chess.com"]
[Date "2023.08.29"]
[Round "2"]
[White "Fleetw00dMac"]
[Black "korason34"]
[Result "1-0"]
[WhiteElo "2469"]
[BlackElo "2718"]
[TimeControl "180+1"]
[EndTime "14:16:59 PDT"]
[Termination "Fleetw00dMac won by resignation"]

1. d4 Nf6 2. c4 c6 3. Nc3 d5 4.
cxd5 cxd5 5. Bf4 a6 6. e3 e6 7. Rc1 Nc6 8. Bd3 Bd6 9. Bxd6 Qxd6 10. f4 O-O 11. Nf3 Bd7 12. O-O Rac8 13. Ne5 g6 14. g4 Ne8 15. g5 Nxe5 16. fxe5 Qe7 17. Qg4 Ng7 18. e4 Bc6 19. exd5 exd5 20. Nxd5 Bxd5 21. Rxc8 Ne6 22. Rxf8+ Kxf8 23. h4 Qb4 24. Rf2 Nxd4 25. Qc8+ Kg7 26. Qc3 Qb6 27. e6 fxe6 28. b4 e5 29. Qc5 Nf3+ 30. Kf1 Qe6 31. Qe3 Qh3+ 32. Ke2 Qg4 33. Kd1 e4 34. Be2 Qg1+ 35. Kc2 Ne1+ 36.
Kb2 Nf3 37. Rxf3 Qxe3 38. Rxe3 1-0

[Event "Late-Titled-Tuesday-Blitz-August-29-2023"]
[Site "Chess.com"]
[Date "2023.08.29"]
[Round "2"]
[White "ritanovikova"]
[Black "stasOR4ik"]
[Result "0-1"]
[WhiteElo "2144"]
[BlackElo "2448"]
[TimeControl "180+1"]
[EndTime "14:16:59 PDT"]
[Termination "stasOR4ik won by resignation"]

1. d4 d5 2. Bf4 Nf6 3. c3 c5 4. Nd2 Nc6 5. e3 Bf5 6. Ngf3 a6 7. Ne5 Nxe5 8. dxe5 Nd7 9. Nf3 e6 10.
Bd3 Bxd3 11. Qxd3 Qb6 12. Qc2 Be7 13. O-O O-O 14. Rab1 Rac8 15. Rfe1 Rfd8 16. h4 Nf8 17. h5 d4 18. Qe4 d3 19. Qc4 Qa5 20. Red1 b5 21.
Qe4 Qxa2 22. Bg5 Bxg5 23. Nxg5 Qc4 24. Qb7 Qg4 25. Qxf7+ Kh8 26. Qe7 Rd7 27. f3 Qxh5 28. g4 Qg6 0-1

[Event "Late-Titled-Tuesday-Blitz-August-29-2023"]
[Site "Chess.com"]
[Date "2023.08.29"]
[Round "2"]
[White "kingofthenil"]
[Black "GOGIEFF"]
[Result "0-1"]
[WhiteElo "2653"]
[BlackElo "3034"]
[TimeControl "180+1"]
[EndTime "14:17:00 PDT"]
[Termination "GOGIEFF won by resignation"]

1. Nf3 Nf6 2. g3 g6 3. Bg2 Bg7 4. O-O O-O 5. c4 Nc6 6. d4 a6 7.
Nc3 Rb8 8. d5 Na5 9. b3 b5 10.
cxb5 axb5 11. Bf4 b4 12. Na4 Bb7 13. Ne1 Nh5 14. Bd2 Bxa1 15. Qxa1 c6 16. e4 Ba6 17.
Bh6 Bxf1 18. Bxf1 cxd5 19. exd5 Qc7 20. Nd3 Rfc8 21. Nac5 Qd6 22. g4 Rxc5 23. Nxc5 Qxc5 24. gxh5 Qc3 25. Qd1 Nb7 26. Bg5 Qe5 27. Qd2 Nd6 28.
hxg6 hxg6 29. Bf4 Qc3 30. Qe2 Qf6 31. Be5 Qg5+ 32. Bg3 Rc8 33. h4 Qf6 34. Bh3 Nf5 35. Kg2 Nxg3 36. fxg3 Rc3 37. Bxd7 Qd6 38. Bc6 Qxg3+ 39.
Kf1 Rc1+ 40. Qd1 Rxd1+ 41. Ke2 Re1+ 0-1

[Event "Late-Titled-Tuesday-Blitz-August-29-2023"]
[Site "Chess.com"]
[Date "2023.08.29"]
[Round "2"]
[White "valemava"]
[Black "ybothg"]
[Result "0-1"]
[WhiteElo "2312"]
[BlackElo "2502"]
[TimeControl "180+1"]
[EndTime "14:17:00 PDT"]
[Termination "ybothg won by resignation"]

1. Nf3 Nf6 2. c4 g6 3. b3 Bg7 4. Bb2 O-O 5. g3 c5 6. Bg2 Nc6 7. O-O d5 8. cxd5 Qxd5 9. Nc3 Qh5 10. Na4 b6 11. d4 cxd4 12. Nxd4 Nxd4 13. Bxd4 Bh3 14.
Bf3 Ng4 15. e3 Bxd4 16. Qxd4 Rad8 17. Qe4 Nf6 18. Qb7 Bg4 19. Bxg4 Nxg4 20. Qg2 Rd2 21.
Nc3 Nxe3 22. Qe4 Nxf1 23. Rxf1 Qc5 24. Ne2 Qc2 25. Qxc2 Rxc2 26. Nd4 Rxa2 27. Nc6 e6 28. h4 a5 29. h5 b5 30. h6 a4 31. bxa4 bxa4 32.
Rb1 a3 33. Kg2 Rb2 34. Ra1 a2 35. Ne5 Ra8 36. Nc4 Rb1 37. Rxa2 Rxa2 38. Ne5 f6 39.
Ng4 Kf7 40. Ne3 Rbb2 41. Nc4 Rxf2+ 42. Kh3 f5 43. Ne5+ Kf6 44. Ng4+ Kg5 45. Nxf2 Rxf2 46.
g4 fxg4+ 47. Kg3 Rf3+ 48. Kg2 Kf4 0-1

[Event "Late-Titled-Tuesday-Blitz-August-29-2023"]
[Site "Chess.com"]
[Date "2023.08.29"]
[Round "2"]
[White "Beca95"]
[Black "jeetjain"]
[Result "1-0"]
[WhiteElo "2948"]
[BlackElo "2606"]
[TimeControl "180+1"]
[EndTime "14:17:01 PDT"]
[Termination "Beca95 won by resignation"]

1. e4 c6 2. Nf3 d5 3. Nc3 dxe4 4. Nxe4 Nf6 5. Qe2 Nxe4 6. Qxe4 Qd5 7. Qh4 Bf5 8. c4 Qe6+ 9. Be2 Bd3 10. Nd4 Qxc4 11.
b3 Qa6 12. Qh3 Nd7 13. Qxd3 Qb6 14. Nf3 e5 15. Bb2 f6 16. O-O O-O-O 17. Qc4 h5 18.
Rac1 g5 19. d4 e4 20. Nd2 Re8 21. d5 e3 22. dxc6 bxc6 23. Bd4 exf2+ 24. Rxf2 c5 25. b4 Ne5 26. bxc5 Qc6 27. Qa6+ Qxa6 28. Bxa6+ Kc7 29. Rxf6 Bg7 30. Bxe5+ Rxe5 31. Rf7+ 1-0

[Event "Late-Titled-Tuesday-Blitz-August-29-2023"]
[Site "Chess.com"]
[Date "2023.08.29"]
[Round "2"]
[White "mistrzemi"]
[Black "Karttunen"]
[Result "1-0"]
[WhiteElo "2354"]
[BlackElo "2610"]
[TimeControl "180+1"]
[EndTime "14:17:01 PDT"]
[Termination "mistrzemi won by checkmate"]

1. e4 e6 2. d4 d5 3. exd5 exd5 4. Nf3 Nc6 5. Bb5 Bd6 6. c4 a6 7. Bxc6+ bxc6 8. c5 Be7 9. O-O Bg4 10. h3 Bxf3 11. Qxf3 Nf6 12. Nc3 O-O 13. Re1 h6 14. Bf4 Re8 15. Re2 Qd7 16. Rae1 Bd8 17. Rxe8+ Nxe8 18. Qg4 f5 19. Qg6 Bf6 20. Ne2 Rb8 21. b3 a5 22. Ng3 Bxd4 23. Nxf5 Bc3 24. Re7 Qc8 25. Nxh6+ Kh8 26. Nf7+ Kg8 27. Ng5 Nf6 28. Qxg7# 1-0

[Event "Late-Titled-Tuesday-Blitz-August-29-2023"]
[Site "Chess.com"]
[Date "2023.08.29"]
[Round "2"]
[White "MeisterJabo"]
[Black "Mourinho_Jose"]
[Result "0-1"]
[WhiteElo "2310"]
[BlackElo "2499"]
[TimeControl "180+1"]
[EndTime "14:17:02 PDT"]
[Termination "Mourinho_Jose won on time"]

1. Nf3 d5 2. b3 Bg4 3. Bb2 Nd7 4. g3 Bxf3 5. exf3 e5 6. Bg2 Ngf6 7. O-O Bd6 8. Re1 O-O 9. c4 d4 10. d3 c5 11. Nd2 Re8 12. Ne4 Nf8 13. Bc1 Ng6 14. a3 Be7 15. Bd2 Nd7 16. Bc1 f5 17. Nd2 Bg5 18. b4 a5 19. bxc5 Nxc5 20. Nb3 Na4 21. Bxg5 Qxg5 22. Qc2 f4 23. Nxd4 exd4 24. Qxa4 Ne5 25.
Qb5 Qf6 26. Qd5+ Kh8 27. Qxd4 Nxf3+ 28. Bxf3 Qxd4 29. Kg2 fxg3 30. hxg3 Rxe1 0-1

[Event "Late-Titled-Tuesday-Blitz-August-29-2023"]
[Site "Chess.com"]
[Date "2023.08.29"]
[Round "2"]
[White "Firouzja2003"]
[Black "Michalczak"]
[Result "1-0"]
[WhiteElo "3099"]
[BlackElo "2519"]
[TimeControl "180+1"]
[EndTime "14:17:03 PDT"]
[Termination "Firouzja2003 won by resignation"]

1. e4 e5 2. Nf3 Nc6 3. Bb5 a6 4. Ba4 Nf6 5. O-O Be7 6. Re1 b5 7. Bb3 O-O 8. d3 d6 9. Bd2 Bd7 10.
a4 Rb8 11. axb5 axb5 12. Nc3 Nd4 13. Nxd4 exd4 14. Ne2 c5 15. Ng3 Re8 16. Qf3 Qc7 17. Nf5 c4 18. Ba2 Bxf5 19. Qxf5 g6 20. Qh3 Nd7 21. f4 Nc5 22. f5 Bf6 23. fxg6 hxg6 24. Rf1 Be5 25. b4 Ne6 26. Qh4 cxd3 27. cxd3 Qc2 28.
Rxf7 Kxf7 29. Qh7+ Bg7 30. Bg5 Re7 31. Bxe7 Rh8 32.
Bxe6+ Kxe6 33. Qxg6+ Kxe7 34. Ra7+ 1-0

[Event "Late-Titled-Tuesday-Blitz-August-29-2023"]
[Site "Chess.com"]
[Date "2023.08.29"]
[Round "2"]
[White "IlanSchnaider"]
[Black "Chemim21"]
[Result "1-0"]
[WhiteElo "2697"]
[BlackElo "2308"]
[TimeControl "180+1"]
[EndTime "14:17:05 PDT"]
[Termination "IlanSchnaider won by resignation"]

1. e4 e6 2. d4 d5 3. Nd2 Nf6 4.
e5 Nfd7 5. Bd3 c5 6. c3 Nc6 7. Ne2 cxd4 8. cxd4 f6 9. exf6 Nxf6 10. Nf3 Bd6 11. O-O Qc7 12. Bg5 O-O 13. Bh4 Nh5 14. Qc2 g6 15. Bxg6 hxg6 16. Qxg6+ Qg7 17. Qxh5 Bd7 18.
Ng3 Rxf3 19. Qxf3 Nxd4 20. Qf6 Qxf6 21. Bxf6 Nc6 22. Rad1 Kf7 23. Bc3 b5 24. a3 a5 25. f4 b4 26. axb4 axb4 27. Be5 Bc5+ 28. Kh1 Nxe5 29. fxe5+ Ke7 30. h4 Rh8 31. Rf4 Be3 32.
Rxb4 d4 33. Rdxd4 Bxd4 34. Rxd4 Rb8 35. b4 Bc6 36. h5 Bd5 37. h6 Rh8 38. Rh4 Kf7 39. Ne2 Kg6 40. Nf4+ Kg5 41. Kg1 Rh7 42.
g3 Kf5 43. Nxd5 exd5 44. Rh5+ Ke4 45. e6 d4 46. e7 Rxe7 47. h7 Re8 48. h8=Q Rxh8 49.
Rxh8 d3 50. Re8+ 1-0

[Event "Late-Titled-Tuesday-Blitz-August-29-2023"]
[Site "Chess.com"]
[Date "2023.08.29"]
[Round "2"]
[White "CrushingKings"]
[Black "DrVelja"]
[Result "0-1"]
[WhiteElo "2555"]
[BlackElo "2878"]
[TimeControl "180+1"]
[EndTime "14:17:09 PDT"]
[Termination "DrVelja won by checkmate"]

1. Nf3 Nf6 2. g3 g6 3. b3 Bg7 4. Bb2 d6 5. d4 b5 6. Qd3 a6 7. e4 Bb7 8. Nbd2 Nbd7 9. Bg2 c5 10. d5 O-O 11. O-O Qc7 12. c4 e5 13. dxe6 fxe6 14.
Ng5 Rfe8 15. Bh3 Nf8 16. Rfe1 h6 17. e5 dxe5 18. Bxe5 Qc6 19. Nge4 Rad8 20. Qe3 Rxd2 21. Bg2 Nxe4 22. Bxg7 Kxg7 23. Qxd2 Nxd2 24. Bxc6 Bxc6 25.
Red1 Nf3+ 26. Kf1 Nd4 27. b4 bxc4 28. bxc5 e5 29. Rab1 c3 30. Rb6 Bb5+ 31. Ke1 Nf3# 0-1

[Event "Late-Titled-Tuesday-Blitz-August-29-2023"]
[Site "Chess.com"]
[Date "2023.08.29"]
[Round "2"]
[White "jkidjr22"]
[Black "HansOnTwitch"]
[Result "0-1"]
[WhiteElo "2631"]
[BlackElo "3004"]
[TimeControl "180+1"]
[EndTime "14:17:10 PDT"]
[Termination "HansOnTwitch won on time"]

1. d4 Nf6 2. c4 g6 3. g3 Bg7 4. Bg2 O-O 5. Nf3 d6 6. O-O Nbd7 7. h3 e5 8. e3 Re8 9. Nc3 c6 10. b3 e4 11. Nd2 d5 12. cxd5 cxd5 13. Ba3 a6 14.
Rc1 b5 15. Bd6 Qb6 16. Bf4 Bb7 17. a4 b4 18. Ne2 Rac8 19. g4 a5 20. Re1 Ba6 21.
Bf1 h5 22. g5 Nh7 23. h4 f6 24. Ng3 fxg5 25. hxg5 Ndf8 26. Bh3 Ne6 27. Ndxe4 dxe4 28. Nxe4 Rxc1 29. Qxc1 Nxf4 30. exf4 Rf8 31. d5 Qd4 32.
Be6+ Kh8 33. Nd6 Nxg5 34. Rd1 Qxf4 35. Qxf4 Rxf4 36. Bc8 Be2 37. Rc1 Be5 38. Nc4 Bxc4 39. bxc4 b3 40. c5 b2 41. Rb1 Rc4 42. Kg2 Rxc5 0-1

[Event "Late-Titled-Tuesday-Blitz-August-29-2023"]
[Site "Chess.com"]
[Date "2023.08.29"]
[Round "2"]
[White "subham777"]
[Black "jcreyes69"]
[Result "1-0"]
[WhiteElo "2519"]
[BlackElo "2363"]
[TimeControl "180+1"]
[EndTime "14:17:10 PDT"]
[Termination "subham777 won by checkmate"]

1. e4 c5 2. Nf3 e6 3. g3 Nc6 4. Bg2 d5 5. exd5 exd5 6. O-O Nf6 7. d4 Be6 8. Re1 h6 9. dxc5 Bxc5 10. Nbd2 O-O 11. Nb3 Bb6 12. c3 a5 13. Nbd4 Bg4 14. Be3 Qd7 15. Nxc6 Bxe3 16. Nce5 Bxf2+ 17. Kxf2 Qd6 18. Nxg4 Nxg4+ 19. Kg1 Rfe8 20. Qd4 Nf6 21. Rxe8+ Rxe8 22. Re1 Ne4 23. Nh4 Qc6 24. Nf5 f6 25. c4 Qe6 26.
Qxd5 Qxd5 27. cxd5 g6 28. Rxe4 Rxe4 29. Bxe4 gxf5 30. Bxf5 Kf7 31. d6 Ke8 32. Kf2 Kd8 33.
Ke3 b5 34. Kd4 b4 35. Kc5 h5 36. h4 Ke8 37. Kb6 Kd8 38. Kxa5 Ke8 39. Kb6 Kd8 40.
Kb7 Ke8 41. Kc7 b3 42. d7+ Ke7 43. d8=Q+ Kf7 44. Qd7+ Kf8 45. Bg6 Kg8 46. Qf7+ Kh8 47.
Qh7# 1-0

[Event "Late-Titled-Tuesday-Blitz-August-29-2023"]
[Site "Chess.com"]
[Date "2023.08.29"]
[Round "2"]
[White "KejJaj"]
[Black "chessmateto"]
[Result "1-0"]
[WhiteElo "2218"]
[BlackElo "2442"]
[TimeControl "180+1"]
[EndTime "14:17:11 PDT"]
[Termination "KejJaj won by resignation"]

1. d4 d5 2. Bf4 c5 3. e3 Nc6 4. c3 Qb6 5. Qb3 c4 6. Qc2 Bf5 7. Qxf5 Qxb2 8. Qxd5 Qxa1 9. Qb5 e5 10. Qxb7 exf4 11. Qxa8+ Nd8 12. Qe4+ Be7 13. Bxc4 Nf6 14.
Qc2 fxe3 15. fxe3 Ng4 16. Ke2 O-O 17. Nf3 Re8 18. Ne5 Nxe5 19. dxe5 Bc5 20. Rd1 Nc6 21. Nd2 Qxd1+ 22. Kxd1 Nxe5 23. Qf5 Bxe3 24. Bb3 Ng6 25.
Qxf7+ Kh8 26. Qxe8+ 1-0

[Event "Late-Titled-Tuesday-Blitz-August-29-2023"]
[Site "Chess.com"]
[Date "2023.08.29"]
[Round "2"]
[White "FairChess_on_YouTube"]
[Black "Ali_rastbod"]
[Result "1-0"]
[WhiteElo "3057"]
[BlackElo "2672"]
[TimeControl "180+1"]
[EndTime "14:17:12 PDT"]
[Termination "FairChess_on_YouTube won on time"]

1. d4 Nf6 2. c4 e6 3. Nf3 Bb4+ 4. Bd2 a5 5. g3 b6 6. Bg2 Bb7 7. O-O O-O 8. Bf4 a4 9. h4 d5 10. cxd5 Bxd5 11. a3 Bd6 12. Bg5 Nbd7 13. Nc3 Bb3 14. Qb1 Ra5 15. Nd2 e5 16. Nxb3 axb3 17. Rd1 exd4 18.
Rxd4 h6 19. Bxf6 Qxf6 20. e3 Nc5 21. Nd5 Qe6 22. Nf4 Bxf4 23. gxf4 Qf6 24. h5 Ne6 25. Rd5 Rxd5 26. Bxd5 Rd8 27. Bxb3 Rd2 28. Qe4 Qxb2 29. Rb1 Qf6 30. Rc1 c5 31. Rb1 Nf8 32. Bc4 Qh4 33. Qf3 Rd6 34. Rd1 Rxd1+ 35. Qxd1 Nh7 36. Qd5 Qg4+ 37.
Kf1 Qh3+ 38. Ke2 Qg4+ 39. Kd2 Nf6 40. Qxf7+ Kh8 41. Qf8+ 1-0

[Event "Late-Titled-Tuesday-Blitz-August-29-2023"]
[Site "Chess.com"]
[Date "2023.08.29"]
[Round "2"]
[White "Dzidzik2203"]
[Black "JoakimVonAnd"]
[Result "0-1"]
[WhiteElo "2358"]
[BlackElo "2707"]
[TimeControl "180+1"]
[EndTime "14:17:13 PDT"]
[Termination "JoakimVonAnd won by resignation"]

1. d4 Nf6 2. c4 e6 3. Nc3 d5 4. Bg5 Be7 5. e3 O-O 6. Rc1 b6 7. cxd5 exd5 8. Nf3 Bb7 9. Bd3 Nbd7 10. O-O Ne4 11. Bf4 c5 12. Qc2 Ndf6 13. Ne5 Rc8 14. f3 cxd4 15. exd4 Nxc3 16. bxc3 h6 17. Rfe1 Bd6 18. Qd2 Nh7 19. Bxh6 gxh6 20. Qxh6 f5 21.
Qg6+ Kh8 22. Bxf5 Rc7 23. Qh5 Bxe5 24. Rxe5 Rg7 25. Rce1 Qg5 26. Qxg5 Rxg5 27. h4 Rgxf5 28. Rxf5 Rxf5 29. Re7 Ba6 30. Rxa7 Bc4 31. Rb7 b5 32.
Ra7 Rf8 33. a4 bxa4 34. Rxa4 Nf6 35. Kh2 Kg7 36. g4 Be2 37. Kg3 Re8 38. Ra7+ Kf8 39. g5 Nh5+ 40. Kg4 Ng7 41. Rd7 Re3 42. Kf4 Rxf3+ 43. Kg4 Rf7+ 0-1

[Event "Late-Titled-Tuesday-Blitz-August-29-2023"]
[Site "Chess.com"]
[Date "2023.08.29"]
[Round "2"]
[White "bipe137"]
[Black "Hoshka"]
[Result "1-0"]
[WhiteElo "2425"]
[BlackElo "1993"]
[TimeControl "180+1"]
[EndTime "14:17:14 PDT"]
[Termination "bipe137 won by resignation"]

1. d4 d5 2. c4 dxc4 3. e4 b5 4. a4 c6 5. axb5 cxb5 6. Nc3 a6 7. Nxb5 axb5 8. Rxa8 Bb7 9. Ra1 e6 10. Ne2 Bxe4 11.
Nc3 Bc6 12. Be2 Nf6 13. Bf3 Bb4 14. Be3 O-O 15. O-O Qd7 16. Bg5 Be7 17. Re1 Rd8 18.
Bxc6 Qxc6 19. Ra7 Bc5 20. Bxf6 gxf6 21. Qg4+ Kf8 22. dxc5 Qxc5 23. Ra5 Rd2 24. Qg3 Nc6 25. Rxb5 Qd4 26. h3 f5 27. Qf3 Ne7 28. Rb8+ Kg7 29. Qg3+ Ng6 30. h4 f4 31. Qf3 Nxh4 32. Qg4+ Ng6 33.
Ne4 Rxb2 34. Rxb2 Qxb2 35. Qg5 f3 36. gxf3 Qd4 37. Rc1 h6 38. Qc5 Qd3 39. Qxc4 Qxf3 40.
Qc3+ Kf8 41. Qxf3 1-0

[Event "Late-Titled-Tuesday-Blitz-August-29-2023"]
[Site "Chess.com"]
[Date "2023.08.29"]
[Round "2"]
[White "MYMChessAcademy"]
[Black "gunslinger222"]
[Result "0-1"]
[WhiteElo "2226"]
[BlackElo "2468"]
[TimeControl "180+1"]
[EndTime "14:17:15 PDT"]
[Termination "gunslinger222 won by checkmate"]

1. e4 e6 2. d4 d5 3. e5 c5 4. c3 Qb6 5. Nf3 Bd7 6. Be2 Bb5 7. Bxb5+ Qxb5 8. Na3 Qa6 9. dxc5 Bxc5 10. b4 Be7 11. Nd4 Nc6 12. b5 Qa5 13. bxc6 Bxa3 14. cxb7 Rb8 15.
Qd3 Rxb7 16. Nc6 Qa4 17. Bxa3 Qxa3 18. O-O Ne7 19. Rab1 Rxb1 20. Rxb1 Nxc6 21. Qb5 Qxc3 22. Qf1 O-O 23. Rc1 Qxe5 24. Rxc6 d4 25. Rc2 Qd5 26. h3 e5 27. f3 d3 28. Rd2 Rd8 29. Qb1 Qd4+ 30.
Kh2 Qf4+ 31. Kh1 Qxd2 32. Qb7 Qc1+ 33. Kh2 Qf4+ 34. g3 Qd2+ 35. Kg1 Qe3+ 36. Kh2 Qe2+ 37.
Kh1 d2 38. Qxa7 d1=R+ 39. Qg1 Rxg1+ 40. Kxg1 Rd1# 0-1

[Event "Late-Titled-Tuesday-Blitz-August-29-2023"]
[Site "Chess.com"]
[Date "2023.08.29"]
[Round "2"]
[White "diamonds13"]
[Black "adiosabu"]
[Result "0-1"]
[WhiteElo "2359"]
[BlackElo "2554"]
[TimeControl "180+1"]
[EndTime "14:17:19 PDT"]
[Termination "adiosabu won by resignation"]

1. d4 d6 2. Nf3 Bg4 3. h3 Bxf3 4. exf3 d5 5. c4 c6 6. Nc3 e6 7. Bf4 Nd7 8. Qb3 Qb6 9. c5 Qxb3 10. axb3 a6 11. b4 Rc8 12. Bd3 f6 13. Kd2 Kf7 14.
Bg3 Ne7 15. f4 Nf5 16. Bxf5 exf5 17. Rhe1 Be7 18. Re3 Rhe8 19. Rae1 Nf8 20. f3 Ng6 21. Bh2 Nh4 22. g3 Ng2 23. Rxe7+ Rxe7 24. Rxe7+ Kxe7 25. Ke2 Kd7 26. Kf2 Re8 27. Kxg2 Re1 28. Bg1 Rc1 29. Na4 Ke6 30. Be3 Rc4 31. Nc3 Rxb4 32. Nd1 a5 33. Kf2 a4 34. Ke2 Rxb2+ 35. Kd3 a3 36. Nxb2 a2 37. Kc2 a1=Q 38. Bc1 Qa3 39. Nd3 Qa4+ 40. Kd2 Qxd4 41. Bb2 Qg1 42. g4 Qg2+ 43. Ke3 Qxh3 44. gxf5+ Kxf5 45. Nf2 Qf1 46. Bd4 Qc1+ 47. Ke2 Qxf4 48.
Be3 Qc4+ 0-1

[Event "Late-Titled-Tuesday-Blitz-August-29-2023"]
[Site "Chess.com"]
[Date "2023.08.29"]
[Round "2"]
[White "Good_Knight_Kiss"]
[Black "HenriL"]
[Result "0-1"]
[WhiteElo "2348"]
[BlackElo "2509"]
[TimeControl "180+1"]
[EndTime "14:17:19 PDT"]
[Termination "HenriL won on time"]

1. e4 g6 2. d4 Bg7 3. Nc3 b6 4. f4 Bb7 5. Nf3 d6 6. Bd3 e6 7. a4 a6 8. Ne2 Ne7 9. O-O Nd7 10. Be3 h6 11. c3 f5 12. e5 O-O 13. h3 Nd5 14.
Bd2 dxe5 15. fxe5 c5 16. Qe1 Qe7 17. Qg3 g5 18. Nxg5 hxg5 19. Bxg5 Qf7 20. Nf4 Nxf4 21.
Rxf4 Qg6 22. h4 Rf7 23. Kf2 cxd4 24. cxd4 Nf8 25. Rh1 Nh7 26. Qh3 Nxg5 27. hxg5 Qxg5 28. Rh4 Kf8 0-1

[Event "Late-Titled-Tuesday-Blitz-August-29-2023"]
[Site "Chess.com"]
[Date "2023.08.29"]
[Round "2"]
[White "trriinu"]
[Black "joksijoksi"]
[Result "0-1"]
[WhiteElo "2217"]
[BlackElo "2459"]
[TimeControl "180+1"]
[EndTime "14:17:19 PDT"]
[Termination "joksijoksi won on time"]

1. e4 c5 2. Nf3 Nf6 3. e5 Nd5 4.
c4 Nc7 5. d4 cxd4 6. Nxd4 Nc6 7. Nf3 g6 8. Nc3 Bg7 9. Bf4 Ne6 10. Bg3 O-O 11. Bd3 b6 12. O-O Bb7 13. a3 Rc8 14. Re1 Na5 15. Nd2 Ba6 16. Qe2 Nd4 17. Qe4 Ndb3 18.
Rad1 Nxd2 19. Rxd2 Nb3 20. Rdd1 Nc5 21. Qd4 Nxd3 22.
Qxd3 Bxc4 23. Qxd7 a6 24. h4 Qxd7 25. Rxd7 e6 26. Ne4 Bd5 27. Nd6 Rc2 28. b4 Ra2 29. Rc1 Rxa3 30. Rcc7 a5 31. bxa5 bxa5 32. Nxf7 Ra1+ 33.
Kh2 Ra4 34. Nd6 Bh8 35. Rxh7 Rg4 36. Rh6 a4 37. Ra7 a3 38. Rah7 Bg7 0-1

[Event "Late-Titled-Tuesday-Blitz-August-29-2023"]
[Site "Chess.com"]
[Date "2023.08.29"]
[Round "2"]
[White "YEIKO2017"]
[Black "NotFischer"]
[Result "1-0"]
[WhiteElo "2473"]
[BlackElo "2252"]
[TimeControl "180+1"]
[EndTime "14:17:21 PDT"]
[Termination "YEIKO2017 won by resignation"]

1. e4 d5 2. exd5 Qxd5 3. Nc3 Qd6 4. d4 Nf6 5. Nf3 c6 6. Ne5 Nbd7 7. Nc4 Qc7 8. Qf3 e5 9. dxe5 Nxe5 10. Qe2 Nd7 11.
f4 Bb4 12. Nxe5 O-O 13. Bd2 Re8 14. O-O-O Nb6 15. Qf3 a5 16. a3 Bf8 17. Bd3 Be6 18.
Rhe1 Nd5 19. Nxd5 Bxd5 20. Be4 Bxe4 21. Rxe4 b5 22. Rde1 b4 23. a4 Rac8 24. Qb3 Red8 25. f5 Bd6 26. f6 g6 27. Nc4 Bf8 28. Re7 Bxe7 29. fxe7 Re8 30. Bg5 Qxh2 31. Qf3 c5 32. Bf4 Qh4 33. g3 Qf6 34. Nd6 Rxe7 35. Rxe7 Qxe7 36. Nxc8 1-0

[Event "Late-Titled-Tuesday-Blitz-August-29-2023"]
[Site "Chess.com"]
[Date "2023.08.29"]
[Round "2"]
[White "YQPerez"]
[Black "ozates"]
[Result "1-0"]
[WhiteElo "2893"]
[BlackElo "2569"]
[TimeControl "180+1"]
[EndTime "14:17:23 PDT"]
[Termination "YQPerez won by resignation"]

1. e4 c5 2. c3 d5 3. exd5 Nf6 4. d4 cxd4 5. Qxd4 Qxd5 6. Nf3 Nc6 7. Qxd5 Nxd5 8. Bb5 Bd7 9. O-O a6 10. Bc4 Nb6 11. Bb3 e6 12. Be3 Nd5 13. Bxd5 exd5 14. Nbd2 Bd6 15. Nb3 O-O 16. Bc5 Bxc5 17. Nxc5 Bg4 18.
Rad1 Bxf3 19. gxf3 b6 20. Nd7 Rfd8 21. Rxd5 Ne5 22.
Rfd1 Nxd7 23. Rxd7 Rxd7 24. Rxd7 g6 25. Kf1 Kg7 26. Rd6 Rb8 27. Ke2 Rb7 28. c4 Kf8 29. Kd3 Ke7 30. Rd5 Ke6 31. a4 h5 32. b4 Rb8 33. Kc3 Rc8 34. Kd4 Rb8 35. h4 Rb7 36. Rd8 Ke7 37. Ra8 Rd7+ 38. Kc3 f6 39. Rxa6 g5 40.
hxg5 fxg5 41. Rxb6 h4 42. Rh6 Kf7 43. f4 1-0

[Event "Late-Titled-Tuesday-Blitz-August-29-2023"]
[Site "Chess.com"]
[Date "2023.08.29"]
[Round "2"]
[White "vladgoncharov"]
[Black "Jojo_898"]
[Result "1-0"]
[WhiteElo "2522"]
[BlackElo "2364"]
[TimeControl "180+1"]
[EndTime "14:17:23 PDT"]
[Termination "vladgoncharov won by checkmate"]

1. d4 Nf6 2. c4 e6 3. Nc3 b6 4.
Nf3 Bb7 5. Bg5 Be7 6. e3 O-O 7. Bd3 d5 8. Bxf6 Bxf6 9. cxd5 exd5 10. O-O c5 11. dxc5 bxc5 12. Rc1 d4 13. exd4 cxd4 14. Ne4 Nc6 15. Nc5 Bc8 16. Be4 Qd6 17. Qa4 Bg4 18.
Qxc6 Qf4 19. Nd3 Qh6 20. Qxa8 Rxa8 21. Bxa8 g6 22. Bd5 Qh5 23. Rc5 Kg7 24. Bxf7 Qh6 25.
Bd5 Qh5 26. Be4 Bf5 27. Bxf5 gxf5 28. h3 Qf7 29. Rfc1 Qxa2 30. Rxf5 Qa6 31. Nf4 Bd8 32. Re1 d3 33. Ne6+ Kg6 34. Rd5 Ba5 35. Nf4+ Kf7 36. Re6 Qb7 37. Ng5+ Kg7 38. Nh5+ Kf8 39. Rf5+ Kg8 40.
Re8# 1-0

[Event "Late-Titled-Tuesday-Blitz-August-29-2023"]
[Site "Chess.com"]
[Date "2023.08.29"]
[Round "2"]
[White "NigelDwarf"]
[Black "AlexOstrovskiy"]
[Result "1-0"]
[WhiteElo "2535"]
[BlackElo "2715"]
[TimeControl "180+1"]
[EndTime "14:17:24 PDT"]
[Termination "NigelDwarf won on time"]

1. Nf3 b6 2. c4 Bb7 3. Nc3 e6 4. e4 Bb4 5. Qc2 Ne7 6. d4 O-O 7. Bd3 f5 8. a3 Bxc3+ 9. bxc3 fxe4 10. Bxe4 Bxe4 11. Qxe4 Nbc6 12. Ng5 g6 13. h4 Qe8 14. h5 h6 15. hxg6 hxg5 16. g7 Rf5 17. Rh8+ Kxg7 18. Rxe8 Rxe8 19. g4 Rf7 20. Bxg5 Ng6 21. Be3 Rh8 22. O-O-O Na5 23. d5 e5 24. d6 c6 25. c5 b5 26. Rh1 Rxh1+ 27. Qxh1 Nc4 28. Qh6+ 1-0

[Event "Late-Titled-Tuesday-Blitz-August-29-2023"]
[Site "Chess.com"]
[Date "2023.08.29"]
[Round "2"]
[White "I_am_Javi"]
[Black "dodoucb"]
[Result "1-0"]
[WhiteElo "2736"]
[BlackElo "2429"]
[TimeControl "180+1"]
[EndTime "14:17:24 PDT"]
[Termination "I_am_Javi won on time"]

1. e4 c6 2. d4 d5 3. e5 Bf5 4.
c3 e6 5. Bd3 Bxd3 6. Qxd3 c5 7.
Ne2 Nc6 8. O-O Qc7 9. Be3 cxd4 10. cxd4 Nge7 11. Nbc3 a6 12. Rac1 h5 13. h4 g6 14. Ng3 b5 15. a3 Qb6 16. a4 b4 17.
Nce2 Bg7 18. b3 O-O 19. Bg5 Rfc8 20. Rc5 Bf8 21. Rcc1 Na5 22. Nf4 Nac6 23. Bxe7 Nxe7 24. Ngxh5 gxh5 25. Nxh5 Bg7 26. Nf6+ Bxf6 27. exf6 Nf5 28. Qd2 Qxd4 29. Qg5+ Kf8 30. g4 1-0

[Event "Late-Titled-Tuesday-Blitz-August-29-2023"]
[Site "Chess.com"]
[Date "2023.08.29"]
[Round "2"]
[White "Lion_DL"]
[Black "DampFalcon"]
[Result "1-0"]
[WhiteElo "2517"]
[BlackElo "2355"]
[TimeControl "180+1"]
[EndTime "14:17:25 PDT"]
[Termination "Lion_DL won by resignation"]

1. d4 Nf6 2. c4 e6 3. Nf3 d5 4. Nc3 Be7 5. Bg5 O-O 6. e3 b6 7. cxd5 Nxd5 8. Bxe7 Qxe7 9. Bd3 Bb7 10. O-O Nd7 11.
e4 Nxc3 12. bxc3 e5 13. Re1 Rfd8 14. Qb3 a5 15. Rad1 a4 16. Qb1 Ra5 17. h3 f6 18.
Nh4 Nf8 19. Bc4+ Kh8 20. Nf5 Qe8 21. Qd3 exd4 22. cxd4 Nd7 23. Qg3 Qf8 24. Qxc7 Bxe4 25. Nxg7 Qxg7 26. Qxd8+ Nf8 27. Rxe4 Rg5 28. Rg4 Rxg4 29.
hxg4 1-0

[Event "Late-Titled-Tuesday-Blitz-August-29-2023"]
[Site "Chess.com"]
[Date "2023.08.29"]
[Round "2"]
[White "viktorgen2021"]
[Black "protectiago"]
[Result "1-0"]
[WhiteElo "2440"]
[BlackElo "2104"]
[TimeControl "180+1"]
[EndTime "14:17:27 PDT"]
[Termination "viktorgen2021 won on time"]

1. Nf3 Nf6 2. g3 g6 3. Bg2 Bg7 4. O-O O-O 5. c4 d6 6. Nc3 e5 7.
d3 Nc6 8. Rb1 Bg4 9. Ne1 Qd7 10.
b4 Rae8 11. Nc2 Bh3 12. b5 Nd8 13. a4 Bxg2 14. Kxg2 Ne6 15. Be3 b6 16. a5 h6 17.
axb6 axb6 18. Ra1 Ng4 19. Bd2 Nc5 20. Ra7 Nb3 21. Nd5 Nc5 22. Rxc7 Qf5 23. h3 Nf6 24.
Nce3 Qe6 25. Nxf6+ Bxf6 26. Ng4 Bg7 27. Bxh6 Rc8 28.
Rxc8 Rxc8 29. Bxg7 Kxg7 30. Qd2 Rh8 31. Rh1 f5 32.
Ne3 e4 33. Nd5 exd3 34. exd3 Re8 35. Ne3 Nd7 36. Re1 Nf6 37. Nc2 Qd7 38. Rxe8 Qxe8 39. Qe3 Qa8+ 40. Qf3 Qa2 41. Nd4 Qb2 42. Ne6+ Kf7 43.
Ng5+ Kg7 44. Qb7+ Nd7 45. Qxd7+ 1-0